 Dungeon Crawl Stone Soup version 0.26.0-45-g9c1d065592 (webtiles) character file.

Game seed: 16008217994828436483

214239 hawla the Eclecticist (level 18, -8/135 HPs)
             Began as a Grey Draconian Conjurer on Jan 28, 2021.
             Was the Champion of Jiyva.
             Shot with an arrow by a deep elf master archer (14 damage)
             ... on level 3 of the Elven Halls on Jan 29, 2021.
             The game lasted 03:12:44 (52326 turns).

hawla the Eclecticist (Grey Draconian Conjurer)    Turns: 52326, Time: 03:12:45

Health: -8/135     AC: 27    Str: 11    XL:     18   Next: 29%
Magic:  1/49       EV: 16    Int: 42    God:    Jiyva [******]
Gold:   717        SH: 13    Dex: 16    Spells: 4/53 levels left

rFire    . . .     SeeInvis .   c - staff of conjuration
rCold    + . .     Faith    .   P - +3 buckler {AC+3}
rNeg     . . .     Spirit   .   (armour unavailable)
rPois    .         Reflect  +   (helmet restricted)
rElec    +         Harm     .   h - +2 cloak
rCorr    +         Rampage  .   C - +2 pair of gloves "Zabojidego" {Str+4 Dex+4}
Will     ++...                  W - +2 pair of boots {Fly}
Stlth    ++........             D - amulet of reflection
HPRegen  0.32/turn              f - ring of magical power
MPRegen  0.31/turn              R - ring of Qaguor {rC+ Will+ Str+6 Int+9 Slay-4}

@: very slightly contaminated, invisible (expiring)
A: walk through water, unfitting armour, stinger 2, talons 1, electricity
resistance, unbreathing, evolution 1, cold-blooded, AC +15
}: 1/15 runes: barnacled
a: Renounce Religion, Evoke Flight, Request Jelly, Slimify, Cure Bad Mutation


You were on level 3 of the Elven Halls.
You worshipped Jiyva.
Jiyva was exalted by your worship.
You visited 7 branches of the dungeon, and saw 35 of its levels.
You also visited: Sewer and Bailey.

You collected 3714 gold pieces.
You spent 2997 gold pieces at shops.

Inventory:

Missiles
 a - 15 boomerangs
 w - 8 silver boomerangs
 I - 16 curare-tipped darts (quivered)
Armour
 h - a +2 cloak (worn)
 C - the +2 pair of gloves "Zabojidego" (worn) {Str+4 Dex+4}
   (You found it on level 10 of the Dungeon)

   It affects your strength (+4).
   It affects your dexterity (+4).
 P - a +3 buckler of protection (worn)
 W - a +2 pair of boots of flying (worn)
Magical Staves
 c - an uncursed staff of conjuration (weapon)
Jewellery
 f - a ring of magical power (left hand)
 j - an uncursed ring of poison resistance
 l - an uncursed amulet of guardian spirit
 z - an uncursed ring of wizardry
 D - an amulet of reflection (around neck)
 R - the ring of Qaguor (right hand) {rC+ Will+ Str+6 Int+9 Slay-4}
   (You found it on level 3 of the Lair of Beasts)

   [ring of strength]

   It affects your strength (+6).
   It affects your intelligence (+9).
   It affects your accuracy and damage with ranged weapons and melee attacks
   (-4).
   It protects you from cold.
   It affects your willpower, your defense against some magical effects.
 Z - an uncursed ring of fire
Wands
 b - a wand of iceblast (10)
 d - a wand of acid (1)
 p - a wand of digging (2)
 r - a wand of flame (7)
 S - a wand of disintegration (16)
Scrolls
 i - a scroll of enchant weapon
 k - a scroll of amnesia
 s - a scroll of fog
 E - a scroll of blinking
 G - a scroll of fear
 O - a scroll of magic mapping
 Y - a scroll of summoning
Potions
 m - 10 potions of brilliance
 n - 3 potions of flight
 o - 9 potions of lignification
 u - 3 potions of resistance
 v - 2 potions of might
 L - 6 potions of haste
Miscellaneous
 e - a tin of tremorstones (2/2)
 g - a phial of floods
 y - a phantom mirror
 X - a condenser vane


   Skills:
 - Level 6.0 Fighting
 - Level 12.0 Staves
 - Level 1.0 Throwing
 - Level 6.0 Dodging
 - Level 1.7 Stealth
 - Level 4.0 Shields
 + Level 18.2 Spellcasting
 + Level 14.6 Conjurations
 - Level 3.0 Necromancy
 - Level 4.0 Translocations
 - Level 1.0 Transmutations
 + Level 7.7 Fire Magic
 + Level 15.3 Earth Magic
 - Level 6.0 Evocations


You had 4 spell levels left.
You knew the following spells:

 Your Spells              Type           Power        Failure   Level
a - Fire Storm            Conj/Fire      57%          100%        9
b - Searing Ray           Conj           100%         0%          2
c - Iskenderun's Mystic   Conj/Tloc      100%         1%          4
d - Fireball              Conj/Fire      57%          1%          5
e - Vampiric Draining     Necr           29%          1%          3
f - Lehudib's Crystal Sp  Conj/Erth      64%          10%         8
g - Apportation           Tloc           100%         1%          1
i - Borgnjor's Vile Clut  Necr/Erth      43%          1%          5
j - Bolt of Magma         Conj/Fire/Erth 60%          1%          5
k - Irradiate             Conj/Tmut      51%          1%          5
l - Passwall              Tmut/Erth      68%          1%          2

Your spell library contained the following spells:

 Spells                   Type           Power        Failure   Level
 Foxfire                  Conj/Fire      100%         0%          1
 Magic Dart               Conj           100%         0%          1
 Sandblast                Erth           100%         0%          1
 Stone Arrow              Conj/Erth      100%         0%          3
 Animate Skeleton         Necr           100%         1%          1
 Beastly Appendage        Tmut           92%          1%          1
 Corona                   Hex            42%          1%          1
 Pain                     Necr           100%         1%          1
 Summon Small Mammal      Summ           100%         1%          1
 Ensorcelled Hibernation  Hex/Ice        76%          1%          2
 Wereblood                Tmut           46%          1%          2
 Call Canine Familiar     Summ           38%          1%          3
 Confusing Touch          Hex            38%          1%          3
 Conjure Flame            Conj/Fire      100%         1%          3
 Dazzling Flash           Conj/Hex       100%         1%          3
 Frozen Ramparts          Ice            76%          1%          3
 Gell's Gravitas          Tloc           32%          1%          3
 Inner Flame              Hex/Fire       63%          1%          3
 Portal Projectile        Hex/Tloc       100%         1%          3
 Spider Form              Tmut/Pois      21%          1%          3
 Animate Dead             Necr           29%          1%          4
 Fulminant Prism          Conj/Hex       49%          1%          4
 Petrify                  Tmut/Erth      82%          1%          4
 Sticky Flame             Conj/Fire      100%         1%          4
 Ice Form                 Ice/Tmut       42%          5%          4
 Lee's Rapid Deconstruct  Erth           52%          1%          5
 Iron Shot                Conj/Erth      64%          1%          6
 Starburst                Conj/Fire      57%          1%          6
 Statue Form              Tmut/Erth      54%          3%          6
 Agony                    Necr           59%          5%          5
 Blade Hands              Tmut           23%          12%         5
 Freezing Cloud           Conj/Ice/Air   43%          14%         6
 Yara's Violent Unravell  Hex/Tmut       21%          16%         5
 Metabolic Englaciation   Hex/Ice        19%          19%         5
 Summon Mana Viper        Hex/Summ       38%          19%         5
 Hydra Form               Tmut           23%          56%         6
 Chain Lightning          Conj/Air       49%          91%         8
 Dragon Form              Tmut           23%          98%         7
 Absolute Zero            Ice            19%          100%        9


Dungeon Overview and Level Annotations

Branches:
Dungeon (14/15)            Temple (1/1) D:4            Lair (6/6) D:8
 Shoals (4/4) Lair:4       Spider (0/4) Lair:4        Slime (5/5) Lair:5
    Orc (2/2) D:10            Elf (3/3) Orc:2        Vaults (0/5) D:13
  Sewer (visited)          Bailey (visited)

Altars:
Ashenzari
Cheibriados
Dithmenos
Elyvilon
Fedhas
Gozag
Hepliaklqana
Kikubaaqudgha
Makhleb
Nemelex Xobeh
Okawaru
Qazlal
Ru
Sif Muna
Trog
Uskayaw
Vehumet
Wu Jian
Xom
Yredelemnul
Zin
The Shining One
Beogh
Jiyva

Shops:
D:11 *   D:12 :[*}?   Orc:2 =*[(   Elf:2 !::[   Elf:3 =

Annotations:
Slime:5 Royal Jelly


Innate Abilities, Weirdness & Mutations

You can walk through water.
Your dull iron-grey scales are very hard. (AC +15)
You cannot fit into any form of body armour.
You can survive without breathing.
You are cold-blooded and may be slowed by cold attacks.
Your tail ends in a sharp poisonous barb.
You have sharp toenails.
You are resistant to electric shocks. (rElec)
You evolve.


Message History

Aiming: Iceblast
Press: ? - help, Shift-Dir - straight line, f/p - deep elf master archer
Aim: a deep elf master archer, wielding a +0 longbow, wearing a +0 leather armour and quivering 34 arrows (lightly wounded)
Okay, then.
Evoke which item? (* to show all) (? for menu, Esc to quit)
Aiming: Corrosive Bolt
Press: ? - help, Shift-Dir - straight line, f/p - deep elf master archer
Aim: a deep elf master archer, wielding a +0 longbow, wearing a +0 leather armour and quivering 34 arrows (lightly wounded, 43% to evade)
The bolt of acid misses the deep elf master archer.
You flicker for a moment.
The deep elf master archer shoots an arrow.
The arrow hits you!!
* * * LOW HITPOINT WARNING * * *
The deep elf master archer shoots an arrow.
The arrow closely misses you.
As you read the scroll of summoning, it crumbles to dust.
Wisps of shadow whirl around you...
The deep elf master archer shoots an arrow.
The arrow hits you!
You die...

.........# #)# #.######.##
.........# #E# #.# #......
.........# #.# #.###.##.##
.##....### #.# #.........#
######.# #.###########...... #
##[## #......# #........ ##...##
######.# #........ ##.....##
#####.## #........ ##J......##
##@##...###......J.
##.........####.Ee)....##........
.'.........'..e...E..............
##.........####........##........
..#.......## ##.##...####.......
#.##.....## ####.### #......#
#.###...## #.# ##.##### #.# ##'##
#.# #.# #.# #.# #.# #.#


You could see a deep elf master archer, a friendly deep elf elementalist
(summoned, repels missiles), a friendly earth elemental (summoned) and a
friendly fire elemental (summoned).

Vanquished Creatures
  Jorgrun (Shoals:3)
  2 deep elf blademasters (Elf:3)
  Polyphemus (Shoals:3)
  Kirke (Elf:1)
  Donald (Shoals:4)
  A frost giant (D:13)
  A deep elf sorcerer (Elf:3)
  An orc warlord (Orc:2)
  2 deep elf elementalists (Elf:3)
  2 deep elf annihilators (Elf:3)
  5 dire elephants (Lair:6)
  2 deep elf death magi (Elf:3)
  2 entropy weavers (Lair:4)
  4 merfolk javelineers
  The ghost of trckry the Quickloader, a journeyman TeHu of Okawaru (Lair:4)
  Josephine (Lair:4)
  A deep elf high priest (Elf:3)
  5 merfolk impalers
  A fire dragon (Lair:1)
  Erolcha (Orc:2)
  3 vault guards (D:13)
  Harold (D:7)
  3 catoblepae
  3 boulder beetles
  9 hydras
  A merfolk aquamancer (Shoals:1)
  An anaconda (Lair:6)
  2 alligator snapping turtles
  7 satyrs
  2 centaur warriors (D:13)
  3 merfolk avatars
  7 two-headed ogres
  A queen ant (Lair:3)
  A tengu warrior (D:13)
  An alligator (Lair:4)
  22 dancing weapons
  5 death yaks
  3 orc high priests (Orc:2)
  Sonja (D:11)
  16 deep elf knights
  11 sea snakes
  3 unseen horrors (D:14)
  A wizard (D:13)
  A spriggan druid (Elf:1)
  A lindwurm (Lair:3)
  8 orc knights
  11 deep elf archers
  12 harpies
  A necromancer (D:13)
  5 oklob plants
  40 deep elf magi
  18 manticores
  13 fauns
  3 orc sorcerers (Orc:2)
  4 cyclopes
  A moth of wrath (Lair:4)
  20 elephants
  8 merfolk sirens
  A guardian serpent (shapeshifter) (D:14)
  A centaur zombie (D:14)
  9 black mambas
  3 water nymphs
  A water nymph (shapeshifter) (D:14)
  A centaur skeleton (D:12)
  3 torpor snails
  A guardian serpent (D:13)
  Psyche (D:8)
  3 gargoyles
  Maggie (D:8)
  A cane toad (shapeshifter) (D:14)
  18 cane toads
  4 rime drakes
  A kobold demonologist (D:11)
  6 komodo dragons
  A demonic crawler (Lair:4)
  9 wind drakes
  3 polar bears
  8 trolls
  10 blink frogs
  32 merfolk
  8 snapping turtles
  9 dream sheep
  36 yaks
  19 humans
  6 wraiths
  4 wyverns
  A centaur simulacrum (D:14)
  2 vampires
  6 water elementals
  A steam dragon (Lair:2)
  4 basilisks
  A vampire mosquito (D:13)
  4 wargs (D:10)
  16 water moccasins
  17 soldier ants
  4 ice beasts
  39 orc warriors
  2 eyes of draining
  A meliai simulacrum (D:14)
  5 black bears
  2 phantoms
  5 sky beasts
  17 ogres
  2 necrophages (D:14)
  16 wolves
  8 centaurs
  An elf zombie (D:14)
  8 big kobolds
  24 bullfrogs
  2 wyvern skeletons
  An earth elemental (Elf:2)
  6 scorpions
  5 killer bees (D:9)
  A water moccasin skeleton (D:10)
  14 wights
  3 howler monkeys
  3 electric eels
  3 human zombies (D:14)
  4 jellies
  A quasit (D:9)
  3 bullfrog zombies
  12 hounds
  7 orc priests
  2 human skeletons (D:14)
  33 orc wizards
  3 bullfrog skeletons
  2 iguanas
  28 worker ants
  A bullfrog simulacrum (D:13)
  A hound skeleton (D:7)
  2 mummies (D:14)
  3 worker ant zombies
  Robin (D:4)
  3 gnolls (D:6)
  A howler monkey skeleton (D:7)
  5 adders
  2 shadow imps
  A white imp (D:10)
  3 ufetubi
  3 oozes
  2 adder zombies
  4 worms
  A dart slug (D:1)
  6 leopard geckos
  109 orcs
  17 giant cockroaches
  10 goblins
  9 hobgoblins
  12 jackals
  A quokka (D:9)
  3 ball pythons
  7 bats
  8 frilled lizards
  20 kobolds
  An orc skeleton (D:14)
  5 rats
  A crawling corpse (Elf:3)
1050 creatures vanquished.

Vanquished Creatures (collateral kills)
  A dire elephant (Lair:6)
1 creature vanquished.

Vanquished Creatures (others)
  A deep elf annihilator (Elf:1)
  An ogre mage (D:13)
  A dancing weapon (Elf:2)
  An orc high priest (Orc:2)
  10 deep elf magi
  2 humans (Elf:1)
  A hog (Elf:1)
  90 jellies
  41 fungi
  203 plants
351 creatures vanquished.

Grand Total: 1402 creatures vanquished

Notes
Turn   | Place    | Note
-------+----------+-------------------------------------------
     0 | D:1      | hawla the Draconian Conjurer began the quest for the Orb.
     0 | D:1      | Reached XP level 1. HP: 14/14 MP: 3/3
   104 | D:1      | Reached XP level 2. HP: 21/22 MP: 0/5
   118 | D:1      | Reached skill level 1 in Fighting
   121 | D:1      | Learned a level 2 spell: Searing Ray
   750 | D:1      | Reached XP level 3. HP: 21/28 MP: 1/6
  1487 | D:2      | Reached skill level 1 in Shields
  1487 | D:2      | Reached XP level 4. HP: 34/36 MP: 2/8
  1492 | D:2      | Learned a level 4 spell: Iskenderun's Mystic Blast
  2258 | D:3      | Found a glowing drain.
  2268 | Sewer    | Entered a sewer
  2426 | Sewer    | Noticed a big kobold
  2426 | Sewer    | Noticed a big kobold
  2448 | Sewer    | Killed a big kobold
  2449 | Sewer    | Reached skill level 3 in Spellcasting
  2449 | Sewer    | Reached skill level 1 in Translocations
  2449 | Sewer    | Reached XP level 5. HP: 37/41 MP: 0/9
  2452 | Sewer    | Reached skill level 5 in Conjurations
  2665 | Sewer    | Reached XP level 6. HP: 48/48 MP: 2/11
  2837 | Sewer    | Got a polished flail
  2837 | Sewer    | Identified the +6 flail of Righteous Anger {freeze, Str+4}
                  | (You found it in a sewer)
  3282 | D:4      | Your scales start taking on a dull iron-grey colour.
  3282 | D:4      | Reached XP level 7. HP: 55/55 MP: 7/12
  3282 | D:4      | Gained mutation: You can survive without breathing. [Grey
                  | Draconian growth]
  3435 | D:4      | Reached skill level 4 in Spellcasting
  3836 | D:4      | Found a staircase to the Ecumenical Temple.
  3901 | D:4      | Identified the cursed +0 helmet of Ehotont {Rampage rF+
                  | Dex-5}
  3901 | D:4      | Noticed Robin
  3908 | D:4      | Killed Robin
  3916 | Temple   | Entered the Ecumenical Temple
  4041 | Temple   | Became a worshipper of Vehumet
  4222 | D:4      | Found a hazy altar of Hepliaklqana.
  4333 | D:4      | Found a sacrificial altar of Ru.
  4333 | D:4      | Found an opulent altar of Gozag.
  4333 | D:4      | Found an ancient bone altar of Kikubaaqudgha.
  4333 | D:4      | Found a stormy altar of Qazlal.
  4494 | D:5      | Entered Level 5 of the Dungeon
  4657 | D:5      | Reached skill level 5 in Spellcasting
  4657 | D:5      | Reached XP level 8. HP: 61/61 MP: 1/15
  4872 | D:5      | Reached * piety under Vehumet
  4872 | D:5      | Offered knowledge of Freeze by Vehumet.
  5016 | D:5      | Found an iron altar of Okawaru.
  5200 | D:5      | Reached skill level 6 in Spellcasting
  5601 | D:6      | Reached skill level 7 in Spellcasting
  5686 | D:6      | Reached XP level 9. HP: 60/67 MP: 11/19
  6268 | D:6      | Reached skill level 8 in Spellcasting
  7060 | D:7      | Reached skill level 9 in Spellcasting
  7289 | D:7      | Found a snail-covered altar of Cheibriados.
  7626 | D:7      | Reached ** piety under Vehumet
  7627 | D:7      | Offered knowledge of Foxfire by Vehumet.
  8246 | D:8      | Noticed Harold
  8362 | D:8      | Noticed Maggie
  8367 | D:7      | Killed Harold
  8368 | D:7      | Reached skill level 10 in Spellcasting
  8368 | D:7      | Reached XP level 10. HP: 48/73 MP: 1/24
  8633 | D:8      | Killed Maggie
  8925 | D:8      | Reached skill level 1 in Throwing
  8925 | D:8      | Reached skill level 1 in Evocations
  9047 | D:8      | Offered knowledge of Static Discharge by Vehumet.
  9220 | D:8      | Found a staircase to the Lair.
  9226 | D:8      | Noticed Psyche
  9242 | D:8      | Killed Psyche
  9463 | D:8      | Reached *** piety under Vehumet
  9611 | D:8      | Identified the Compendium of the Snowflakes and Stones
  9709 | D:9      | Noticed a two-headed ogre
  9714 | D:9      | Reached skill level 11 in Spellcasting
  9720 | D:9      | Killed a two-headed ogre
 10059 | D:9      | Offered knowledge of Stone Arrow by Vehumet.
 10192 | D:9      | Found a basalt altar of Yredelemnul.
 10213 | D:9      | Reached skill level 12 in Spellcasting
 10213 | D:9      | Reached XP level 11. HP: 62/79 MP: 2/27
 10217 | D:9      | Learned a level 3 spell: Stone Arrow
 10471 | D:9      | Reached skill level 1 in Earth Magic
 10744 | D:10     | Entered Level 10 of the Dungeon
 11236 | D:10     | Found a staircase to the Orcish Mines.
 11243 | D:10     | Reached skill level 5 in Staves
 11345 | D:10     | Got a pair of warped gloves
 11356 | D:10     | Identified the +2 pair of gloves "Zabojidego" {Str+4 Dex+4}
                  | (You found it on level 10 of the Dungeon)
 11420 | D:10     | Reached **** piety under Vehumet
 11522 | D:10     | Got a bloodstained falchion
 11523 | D:10     | Identified the cursed +2 falchion of Tumult {venom, rElec
                  | rPois rF+ Dex-5} (You found it on level 10 of the Dungeon)
 11756 | D:10     | Offered knowledge of Hailstorm by Vehumet.
 11840 | D:10     | Noticed a two-headed ogre
 11846 | D:10     | Killed a two-headed ogre
 12069 | D:10     | Reached skill level 5 in Earth Magic
 12212 | D:11     | Noticed Sonja
 12401 | D:11     | Noticed a two-headed ogre
 12403 | D:11     | Noticed a boulder beetle
 12418 | D:11     | Killed a two-headed ogre
 12442 | D:11     | Killed a boulder beetle
 12819 | D:11     | Killed Sonja
 12936 | D:11     | Found Cuwun's General Store.
 13200 | D:11     | Noticed a two-headed ogre
 13218 | D:11     | Killed a two-headed ogre
 13219 | D:11     | Reached XP level 12. HP: 82/85 MP: 11/28
 13333 | D:11     | Learned a level 3 spell: Conjure Flame
 13632 | D:11     | Learned a level 5 spell: Fireball
 13634 | D:11     | Learned a level 1 spell: Apportation
 13687 | D:12     | Noticed a two-headed ogre
 13695 | D:12     | Killed a two-headed ogre
 13696 | D:12     | Reached skill level 1 in Fire Magic
 14286 | D:12     | Found Urphuph's Magic Scroll Boutique.
 14330 | D:12     | Noticed a six-headed hydra
 14339 | D:12     | Killed a six-headed hydra
 14559 | D:12     | Found Hosio's Gadget Shop.
 14561 | D:12     | Found Queqew's Armour Shop.
 14563 | D:12     | Found Otyum's Book Shop.
 14568 | D:12     | Found Taili's Assorted Antiques.
 14643 | D:12     | Bought the Tome of Ashen Enchantment for 826 gold pieces
 14650 | D:12     | Learned a level 6 spell: Iron Shot
 14656 | D:12     | Learned a level 5 spell: Borgnjor's Vile Clutch
 14944 | D:13     | Found a flagged portal.
 14949 | Bailey   | Entered a bailey
 15071 | Bailey   | Reached ***** piety under Vehumet
 15071 | Bailey   | Offered knowledge of Bolt of Magma by Vehumet.
 15219 | Bailey   | Identified a scroll of acquirement
 15219 | Bailey   | Acquired a +1 buckler of protection
 15258 | Bailey   | Reached skill level 1 in Necromancy
 15696 | Bailey   | Gained mutation: Your mind is acute. (Int +2) [potion of
                  | mutation]
 15696 | Bailey   | Gained mutation: You evolve. [potion of mutation]
 15696 | Bailey   | Gained mutation: You are robust. (+10% HP) [potion of
                  | mutation]
 15917 | D:13     | Gained mutation: Your tail ends in a poisonous barb.
                  | [evolution]
 15917 | D:13     | Lost mutation: You evolve. [end of evolution]
 16156 | D:13     | Noticed a centaur warrior
 16161 | D:13     | Killed a centaur warrior
 16309 | D:13     | Found a runed translucent door.
 16309 | D:13     | Noticed a tengu warrior
 16309 | D:13     | Noticed a centaur warrior
 16309 | D:13     | Noticed a seven-headed hydra
 16310 | D:13     | Noticed a frost giant
 16311 | D:13     | Noticed an ogre mage
 16543 | D:13     | Noticed a vault guard
 16551 | D:13     | Killed a vault guard
 16935 | D:13     | Reached XP level 13. HP: 93/100 MP: 29/29
 16964 | D:13     | Found a gate to the Vaults.
 17244 | D:13     | Reached skill level 13 in Spellcasting
 17650 | D:13     | Reached skill level 10 in Conjurations
 18485 | D:14     | Reached skill level 10 in Earth Magic
 18502 | D:14     | Learned a level 5 spell: Bolt of Magma
 18938 | D:14     | Reached skill level 10 in Staves
 19170 | D:14     | Found an ancient bone altar of Kikubaaqudgha.
 19622 | D:14     | Found a shadowy altar of Dithmenos.
 19855 | D:13     | Offered knowledge of Eringya's Noxious Bog by Vehumet.
 20218 | D:13     | Identified the Grimoire of Unholy Hexes
 20228 | D:13     | Killed a frost giant
 20816 | D:11     | Bought a scroll of amnesia for 59 gold pieces
 20852 | D:12     | Bought a scroll of amnesia for 42 gold pieces
 20933 | Lair:1   | Entered Level 1 of the Lair of Beasts
 21746 | Lair:1   | Noticed a fire dragon
 21755 | Lair:1   | Killed a fire dragon
 21756 | Lair:1   | Reached XP level 14. HP: 80/108 MP: 3/31
 23329 | Lair:2   | You fall into a shaft and drop 1 floor!
 24996 | Lair:3   | Reached skill level 5 in Fire Magic
 25261 | Lair:3   | Got a serpentine granite ring
 25668 | Lair:3   | Reached skill level 5 in Evocations
 25709 | Lair:3   | Offered knowledge of Orb of Destruction by Vehumet.
 26162 | Lair:3   | Identified the ring of Qaguor {rC+ Will+ Str+6 Int+9
                  | Slay-4} (You found it on level 3 of the Lair of Beasts)
 26220 | Lair:4   | Noticed Josephine
 26513 | Lair:4   | Killed Josephine
 26896 | Lair:4   | Found a transporter.
 26912 | Lair:4   | Found a transporter.
 26915 | Lair:4   | Noticed trckry's ghost (journeyman TeHu)
 26991 | Lair:4   | Found a hole to the Spider Nest.
 28246 | Lair:4   | Reached XP level 15. HP: 114/114 MP: 24/32
 28486 | Lair:4   | Found a staircase to the Shoals.
 29075 | Lair:4   | Killed trckry's ghost
 29076 | Lair:4   | Reached skill level 14 in Spellcasting
 29259 | Lair:5   | Found a staircase to the Slime Pits.
 29259 | Lair:5   | Found a viscous altar of Jiyva.
 31071 | Lair:6   | Entered Level 6 of the Lair of Beasts
 31246 | Lair:6   | Offered knowledge of Ozocubu's Refrigeration by Vehumet.
 32269 | Lair:6   | Reached skill level 5 in Fighting
 33521 | Shoals:1 | Entered Level 1 of the Shoals
 33968 | Shoals:1 | Reached skill level 15 in Spellcasting
 35143 | Shoals:2 | Reached XP level 16. HP: 117/134 MP: 35/35
 35932 | Shoals:2 | Reached skill level 16 in Spellcasting
 37214 | Shoals:3 | Noticed Polyphemus
 37218 | Shoals:3 | Killed Polyphemus
 38234 | Shoals:3 | Offered knowledge of Starburst by Vehumet.
 38242 | Shoals:3 | Learned a level 6 spell: Starburst
 38358 | Shoals:3 | Reached skill level 17 in Spellcasting
 38532 | Shoals:3 | Noticed Jorgrun
 38544 | Shoals:3 | Killed Jorgrun
 39037 | Shoals:4 | Entered Level 4 of the Shoals
 39777 | Shoals:4 | Got a barnacled rune of Zot
 40967 | Shoals:4 | Learned a level 5 spell: Fireball
 41028 | Shoals:4 | Learned a level 3 spell: Vampiric Draining
 41210 | Shoals:4 | Reached XP level 17. HP: 123/140 MP: 36/38
 41298 | Shoals:4 | Noticed Donald
 41307 | Shoals:4 | Killed Donald
 41987 | Orc:1    | Entered Level 1 of the Orcish Mines
 42008 | Orc:1    | Offered knowledge of Conjure Ball Lightning by Vehumet.
 42325 | Orc:1    | Found a roughly hewn altar of Beogh.
 42815 | D:12     | Bought a book of Annihilations for 1545 gold pieces
 42884 | Orc:1    | Learned a level 8 spell: Lehudib's Crystal Spear
 42894 | Orc:2    | Entered Level 2 of the Orcish Mines
 42904 | Orc:2    | Found a staircase to the Elven Halls.
 42905 | Orc:2    | Found Qurais's General Store.
 43261 | Orc:2    | Noticed Erolcha
 43273 | Orc:2    | Killed Erolcha
 43751 | Orc:2    | Found Aghon's Antique Weapon Shop.
 43831 | Orc:2    | Found Foyduuk's Jewellery Emporium.
 44066 | Orc:2    | Found Qogeikk's Antique Armour Boutique.
 44277 | Elf:1    | Entered Level 1 of the Elven Halls
 44431 | Lair:5   | Fell from the grace of Vehumet
 44431 | Lair:5   | Became a worshipper of Jiyva Jiku the Shapeless
 44434 | Slime:1  | Entered Level 1 of the Pits of Slime
 44435 | Slime:1  | Noticed an acid blob
 44482 | Slime:1  | Noticed an acid blob
 44559 | Slime:2  | Noticed an acid blob
 44575 | Slime:2  | Noticed an acid blob
 44585 | Slime:2  | Noticed an acid blob
 44647 | Slime:2  | Noticed an acid blob
 44898 | Slime:2  | You fall into a shaft and drop 2 floors!
 44909 | Slime:2  | Noticed an acid blob
 45164 | Slime:3  | Noticed an acid blob
 45363 | Slime:4  | Noticed an acid blob
 45415 | Slime:4  | Noticed an acid blob
 45645 | Slime:4  | Noticed an acid blob
 45732 | Slime:5  | Entered Level 5 of the Pits of Slime
 45807 | Slime:5  | Noticed an acid blob
 45829 | Slime:5  | Noticed an acid blob
 45840 | Slime:5  | Noticed the Royal Jelly
 45862 | Slime:5  | Noticed an acid blob
 45882 | Slime:5  | Noticed an acid blob
 45887 | Slime:5  | Noticed an acid blob
 45897 | Slime:5  | Noticed an acid blob
 45907 | Slime:5  | Noticed an acid blob
 45918 | Slime:5  | Found a viscous altar of Jiyva.
 45923 | Slime:5  | Found the +12 Vampire's Tooth {vamp}
 46356 | Elf:1    | Reached * piety under Jiyva
 46516 | Elf:1    | Noticed Kirke
 46522 | Elf:1    | Killed Kirke
 46532 | Elf:1    | Learned a level 5 spell: Irradiate
 46813 | Elf:1    | Reached ** piety under Jiyva
 46938 | Elf:1    | Reached *** piety under Jiyva
 46938 | Elf:1    | Gained mutation: You are occasionally teleported next to
                  | monsters. [Jiyva's grace]
 47529 | Elf:1    | Identified the Grimoire of Supportive Attacks
 47807 | Elf:2    | Gained mutation: You are weak. (Str -2) [mutagenic glow]
 47838 | Elf:2    | Gained mutation: You have an increased reservoir of magic.
                  | (+10% MP) [Jiyva's grace]
 47870 | Elf:2    | Reached **** piety under Jiyva
 48030 | Elf:2    | Gained mutation: Your tail ends in a sharp poisonous barb.
                  | [Jiyva's grace]
 48215 | Elf:2    | Reached ***** piety under Jiyva
 48215 | Elf:2    | Lost mutation: You are robust. (+10% HP) [Jiyva's grace]
 48521 | Elf:2    | Found a runed translucent gate.
 48522 | Elf:2    | Found a runed translucent gate.
 48526 | Elf:2    | Found a runed translucent gate.
 48537 | Elf:2    | Reached skill level 1 in Transmutations
 48547 | Elf:2    | Gained mutation: You are resistant to electric shocks.
                  | (rElec) [Jiyva's grace]
 48571 | Elf:2    | Found Werhimp's Armour Boutique.
 48614 | Elf:2    | Found Jeskoe's Book Boutique.
 48614 | Elf:2    | Found Zuretzap's Book Shop.
 48626 | Elf:2    | Found Hetearch's Distillery.
 48703 | Elf:2    | Lost mutation: You have an increased reservoir of magic.
                  | (+10% MP) [Jiyva's grace]
 48825 | Elf:2    | Reached skill level 5 in Dodging
 48825 | Elf:2    | Reached skill level 18 in Spellcasting
 48845 | Elf:2    | Reached ****** piety under Jiyva
 48877 | Elf:2    | Gained mutation: You are strong-willed. (Will+) [Jiyva's
                  | grace]
 49122 | Elf:2    | Lost mutation: You are occasionally teleported next to
                  | monsters. [Jiyva's grace]
 49842 | Elf:2    | Bought a book of Geomancy for 525 gold pieces
 49845 | Elf:2    | Learned a level 2 spell: Passwall
 50184 | Temple   | Learned a level 9 spell: Fire Storm
 50437 | Elf:3    | Entered Level 3 of the Elven Halls
 50583 | Temple   | Lost mutation: You are strong-willed. (Will+) [Jiyva's
                  | grace]
 50583 | Temple   | Gained mutation: You evolve. [Jiyva's grace]
 51128 | Elf:3    | Found Zanoll's Jewellery Shoppe.
 51350 | Elf:3    | Lost mutation: You are weak. (Str -2) [Jiyva's grace]
 51398 | Elf:3    | Reached XP level 18. HP: 124/135 MP: 32/40
 51786 | Elf:3    | Reached skill level 15 in Earth Magic
 52064 | Elf:3    | Gained mutation: You have sharp toenails. [Jiyva's grace]
 52074 | Elf:3    | Lost mutation: Your mind is acute. (Int +2) [Jiyva's grace]
 52187 | Elf:3    | Identified the +1 leather armour of Jeurire {rPois}
 52220 | Elf:3    | Identified the cursed +1 robe "Neitoz" {rF++ Regen+ MP-9
                  | Int+4}
 52325 | Elf:3    | HP: 6/135 [deep elf master archer/arrow (25)]
 52326 | Elf:3    | Shot with an arrow by a deep elf master archer

Illustrated notes

Levels and vault maps discovered:
D:1:      psy_arrival_dodecagon, layout_rooms
D:2:      layout_loops_ring
D:3:      layout_rooms, portal_sewer_entry_f
D:4:      layout_loops_ring, old_standard_altar,
          chequers_temple_overflow_statue_of_worship,
          minmay_temple_entry_crystal_x, uniq_robin
D:5:      layout_loops_ring, okawaru_gym_becter
D:6:      layout_basic
D:7:      layout_basic, cheibriados_altar_1
D:8:      layout_rooms, dpeg_oklobed_lair, eino_small_chamber_without_monster,
          uniq_psyche, uniq_maggie, uniq_harold
D:9:      layout_big_octagon, basic_altar, chequers_avenue
D:10:     layout_gridville, minmay_orc_entry_guard_dogs, lightli_orcish_oven
D:11:     layout_rooms, serial_shops, shop, nicolae_water_bricks, uniq_sonja
D:12:     layout_rooms, serial_co_window_serial, co_window_paths_a,
          co_window_corner_a, co_window_paths_b, co_window_paths_a,
          co_window_corner_a, co_window_of_opportunity_b, co_window_corner_ca,
          co_window_cross_3, co_window_paths_d, co_window_sun, glass_columns_c,
          glass_columns_a, glass_columns_a, glass_columns_b, glass_columns_b,
          serial_shops, nicolae_shop_crystal, minmay_shop_grid_forest
D:13:     layout_grid_maze, grunt_vaults_entry_tiered, enter_bailey_2,
          minmay_st_funbox, nrook_guardian_serpent_double
D:14:     layout_rooms, nicolae_dithmenos_through_a_glass_darkly,
          lemuel_mausoleum_altar_kikubaaqudgha
Temple:   eino_wide_crystal_templ
Lair:1:   dragon1_lemuel, layout_cave_pods, minmay_hedge_maze,
          serial_bayou_shore_a
Lair:2:   layout_hall_layers
Lair:3:   nzn_winding_woodlands_stair_cross [nzn_winding_woodlands_5x15_twine,
          nzn_winding_woodlands_center_lodge,
          nzn_winding_woodlands_5x15_longhouse, nzn_winding_woodlands_hourglass,
          nzn_winding_woodlands_5x5_default, nzn_winding_woodlands_5x15_zeroes,
          nzn_winding_woodlands_center_pierced_h,
          nzn_winding_woodlands_5x15_eye], layout_cave_shapes
Lair:4:   layout_small_grid, minmay_shoals_entry_hut,
          nicolae_spider_entry_non_spiders, gammafunk_ghost_berserking_beasts,
          zaba_antful_of_joy, lemuel_fruit_fields, uniq_josephine
Lair:5:   layout_regular_city, slime_altar_1, grunt_megastairs_2,
          minmay_lair_oklob_chamber
Lair:6:   due_jungle_book, layout_gridlike, grunt_megastairs_3
Shoals:1: layout_shoals
Shoals:2: layout_shoals, nicolae_shoals_flooded_hall
Shoals:3: layout_shoals, uniq_polyphemus, uniq_jorgrun
Shoals:4: shoals_end_grunt_garden, layout_shoals, uniq_donald
Slime:1:  layout_caves
Slime:2:  layout_caves, nicolae_slime_welcoming_committee
Slime:3:  layout_caves
Slime:4:  layout_caves
Slime:5
Orc:1:    layout_caves, basic_altar
Orc:2:    grunt_orc_gardens, layout_diamond_mine, grunt_orc_garden,
          grunt_orc_garden, grunt_orc_garden, grunt_orc_garden,
          nicolae_orc_damp_corner, uniq_erolcha
Elf:1:    layout_loops_cross, minmay_elf_sorcery, kilobyte_rumbling_trees,
          uniq_kirke
Elf:2:    layout_onion_city, minmay_shoptagon
Elf:3:    elf_hall, layout_loops_corners, serial_glass, glass_columns_a,
          glass_columns_a, serial_shops, nicolae_shop_behind_doors

Skill      XL: |  1  2  3  4  5  6  7  8  9 10 11 12 13 14 15 16 17 18 |
---------------+-------------------------------------------------------+-----
Fighting       | 1 2 6 |  6.0
Shields        | 1 2 3 4 |  4.0
Spellcasting   | 3 5 7 10 12 13 15 17 18 | 18.2
Translocations | 1 2 3 4 |  4.0
Conjurations   | 5 6 8 9 11 12 13 14 | 14.6
Staves         | 2 4 7 8 11 12 | 12.0
Throwing       | 1 |  1.0
Evocations     | 4 6 |  6.0
Earth Magic    | 7 9 10 11 12 14 15 | 15.3
Fire Magic     | 4 5 7 |  7.7
Necromancy     | 2 3 |  3.0
Dodging        | 4 5 6 |  6.0
Transmutations | 1 |  1.0
Stealth        | |  1.7

Action                   |  1- 3 |  4- 6 |  7- 9 | 10-12 | 13-15 | 16-18 || total
-------------------------+-------+-------+-------+-------+-------+-------++-------
Melee: Unarmed           |    35 |    41 |       |       |       |       ||    76
       Tailslap          |     1 |     6 |    11 |    15 |    52 |    34 ||   119
       Flail             |       |     9 |    70 |   134 |    34 |       ||   247
       Staff             |       |       |       |       |   273 |   241 ||   514
Throw: Dart              |       |       |       |    16 |    15 |     2 ||    33
       Boomerang         |       |       |       |       |     1 |       ||     1
 Cast: Magic Dart        |    44 |    28 |    52 |   102 |    79 |       ||   305
       Searing Ray       |    12 |    17 |    62 |   113 |   153 |    74 ||   431
       Iskenderun's Myst |       |     5 |    12 |   111 |   175 |    92 ||   395
       Stone Arrow       |       |       |       |    11 |       |       ||    11
       Borgnjor's Vile C |       |       |       |    10 |    57 |    21 ||    88
       Conjure Flame     |       |       |       |     4 |       |       ||     4
       Fireball          |       |       |       |     1 |     6 |     4 ||    11
       Iron Shot         |       |       |       |       |    44 |    80 ||   124
       Bolt of Magma     |       |       |       |       |    38 |    38 ||    76
       Apportation       |       |       |       |       |     5 |       ||     5
       Vampiric Draining |       |       |       |       |       |     6 ||     6
       Starburst         |       |       |       |       |       |    17 ||    17
       Lehudib's Crystal |       |       |       |       |       |    47 ||    47
       Irradiate         |       |       |       |       |       |    13 ||    13
 Abil: Stop Flying       |       |       |       |       |     1 |       ||     1
Evoke: Wand              |       |       |       |     4 |     4 |     7 ||    15
       Tin of tremorston |       |       |       |     1 |       |       ||     1
  Use: Scroll            |     1 |     8 |     5 |    13 |    24 |    16 ||    67
       Potion            |       |     5 |       |     7 |     3 |     3 ||    18
 Stab: Sleeping          |       |       |       |       |       |     1 ||     1
Armor: Skin              |    24 |    54 |    85 |   161 |   244 |   163 ||   731
Dodge: Dodged            |    36 |    88 |   100 |   201 |   270 |   168 ||   863
Block: Other             |       |       |       |    29 |       |       ||    29
       Reflection        |       |       |       |    10 |    21 |    93 ||   124
       Buckler           |       |       |       |    34 |   345 |   262 ||   641
